 Dungeon Crawl Stone Soup version 0.21.1-1-g345015fe64 (webtiles) character file.

46 NullDivider the Charlatan (level 3, 0/18 HPs)
             Began as a Spriggan Artificer on June 1, 2018.
             Slain by Robin
             ... wielding a +0 whip
              (7 damage)
             ... on level 2 of the Dungeon.
             The game lasted 00:05:36 (2994 turns).

NullDivider the Charlatan (Spriggan Artificer)      Turns: 2994, Time: 00:05:36

Health: 0/18       AC:  2    Str:  8    XL:     3   Next: 46%
Magic:  7/7        EV: 19    Int: 12    God:
Gold:   53         SH:  0    Dex: 17    Spells: 2/2 levels left

rFire    . . .     SeeInvis +   a - +0 short sword
rCold    . . .     Gourm    .   (shield restricted)
rNeg     . . .     Faith    .   b - +0 robe
rPois    .         Spirit   .   (helmet restricted)
rElec    .         Reflect  .   (no cloak)
rCorr    .         Harm     .   (gloves unavailable)
MR       .....                  (boots unavailable)
Stlth    ++........             (no amulet)
HPRegen  0.06/turn              (no ring)
MPRegen  0.10/turn              (no ring)

@: very quick
A: very small, unfitting armour, see invisible, herbivore, speed 3, slow
metabolism 2
a: no special abilities


You were on level 2 of the Dungeon.
You were not hungry.

You visited 1 branch of the dungeon, and saw 2 of its levels.

You collected 53 gold pieces.

Inventory:

Hand Weapons
 a - a +0 short sword (weapon)
Missiles
 g - 5 arrows
 m - 2 stones (quivered)
 n - 27 sling bullets
Armour
 b - a +0 robe (worn)
Jewellery
 h - an uncursed ring of protection from fire {unknown}
Wands
 c - a wand of flame (15)
 d - a wand of enslavement (14)
 e - a wand of random effects (15)
Scrolls
 i - a scroll of identify {unknown}
 j - 2 scrolls of remove curse {unknown}
Potions
 k - a potion of degeneration {unknown}
 l - a potion of resistance {unknown}
 o - a potion of flight {unknown}
Comestibles
 f - a ration


   Skills:
 * Level 1.3 Fighting
 * Level 2.3 Short Blades
 + Level 3.4 Dodging
 + Level 2.7 Stealth
 + Level 4.3 Evocations


You had 2 spell levels left.
You didn't know any spells.

Dungeon Overview and Level Annotations

Branches:
Dungeon (2/15)

Altars:

Annotations:
D:2 Robin


Innate Abilities, Weirdness & Mutations

You are very small and have problems with some larger weapons.
You are too small for most types of armour.
You have supernaturally acute eyesight. (SInv)
You are a herbivore.
You cover ground extremely quickly.
You need consume almost no food.


Message History

You hit Robin.
Robin is heavily wounded.
Robin hits you with a whip.
You are too injured to fight recklessly!
You are too injured to fight recklessly!
You are too injured to fight recklessly!
You are too injured to fight recklessly!
You are too injured to fight recklessly!
You are too injured to fight recklessly!
You are too injured to fight recklessly!
You are too injured to fight recklessly!
You are too injured to fight recklessly!
You are too injured to fight recklessly!
You are too injured to fight recklessly!
You are too injured to fight recklessly!
You are too injured to fight recklessly!
You hit Robin but do no damage.
Robin is heavily wounded.
Robin hits you with a whip!
You die...

#.#
#.#
%..
#g#
#g#
#g#
#g#
##@#
#.<#
#.##
#.
#.
#.
#.
#.
#>


You could see Robin, a hobgoblin and 2 goblins.

Vanquished Creatures
  A dart slug (D:1)
  2 leopard geckos (D:1)
  2 giant cockroaches (D:1)
  10 goblins (D:1)
  6 hobgoblins (D:1)
  3 jackals (D:1)
  A quokka (D:1)
  A ball python (D:1)
  A bat (D:1)
  A frilled lizard (D:1)
  3 kobolds (D:1)
  3 rats (D:1)
34 creatures vanquished.

Vanquished Creatures (collateral kills)
  3 goblins (D:1)
  A frilled lizard (D:1)
4 creatures vanquished.

Grand Total: 38 creatures vanquished

Notes
Turn   | Place    | Note
-------+----------+-------------------------------------------
     0 | D:1      | NullDivider the Spriggan Artificer began the quest for the Orb.
     0 | D:1      | Reached XP level 1. HP: 9/9 MP: 4/4
   437 | D:1      | Reached skill level 1 in Fighting
   520 | D:1      | Reached XP level 2. HP: 12/14 MP: 6/6
  1711 | D:1      | Reached XP level 3. HP: 10/18 MP: 7/7
  2090 | D:2      | Noticed Robin
  2994 | D:2      | Slain by Robin

Skill      XL: |  1  2 |
---------------+-------+-----
Fighting       | 1 |  1.3
Stealth        | 2 |  2.7
Short Blades   | 2 |  2.3
Dodging        | |  3.4
Evocations     | |  4.3

Action                   || total
-------------------------++-------
Melee: Short sword       ||   158
Evoke: Wand              ||     1
 Stab: Sleeping          ||     1
Armor: Robe              ||    14
Dodge: Dodged            ||   147
